 Dungeon Crawl Stone Soup version 0.29.1-14-g9c671dbff4 (webtiles) character file.

Game seed: 13600139673415708084

141 Barneous the Gusty (level 5, -1/35 HPs)
             Began as a Human Wanderer on Feb 17, 2023.
             Slain by Crazy Yiuf
             ... wielding a +3 quarterstaff of chaos
              (11 damage)
             ... on level 3 of the Dungeon.
             The game lasted 00:16:24 (4116 turns).

Barneous the Gusty (Human Wanderer)                 Turns: 4116, Time: 00:16:25

Health: -1/35      AC:  6    Str: 13      XL:     5   Next: 48%
Magic:  11/16      EV: 12    Int: 15 (16) God:
Gold:   209        SH:  0    Dex: 11 (13) Spells: 2/7 levels left

rFire   + . .      SeeInvis .   a - +1 quarterstaff
rCold   . . .      Faith    .   (shield currently unavailable)
rNeg    . . .      Spirit   .   d - +0 robe
rPois   +          Reflect  .   b - +0 helmet
rElec   .          Harm     .   f - +1 cloak
rCorr   .          Rampage  .   (no gloves)
Will    .....                   e - +0 pair of boots
Stlth   ++........              (no amulet)
HPRegen 0.11/turn               l - ring of magical power
MPRegen 0.15/turn               k - ring "Oblosail" {Fly rPois rF+ Str+3 Slay+3}

@: flying, invisible
A: no striking features
a: no special abilities


You were on level 3 of the Dungeon.
You visited 1 branch of the dungeon, and saw 3 of its levels.

You collected 209 gold pieces.

Inventory:

Hand Weapons
 a - a +1 quarterstaff (weapon)
Armour
 b - a +0 helmet (worn)
 d - a +0 robe (worn)
 e - a +0 pair of boots (worn)
 f - a +1 cloak (worn)
Jewellery
 g - a ring of willpower
 h - an amulet of guardian spirit
 j - a ring of ice
 k - the ring "Oblosail" (right hand) {Fly rPois rF+ Str+3 Slay+3}
   (You found it on level 2 of the Dungeon)

   [ring of flight]

   Str:       It affects your strength (+3).
   Slay:      It affects your accuracy & damage with ranged weapons and melee
   (+3).
   rF:        It protects you from fire.
   rPois:     It protects you from poison.
   Fly:       It grants you flight.
 l - a ring of magical power (left hand)
Wands
 i - a wand of flame (15)
Scrolls
 c - 4 scrolls of teleportation
Potions
 m - a potion of brilliance
 n - a potion of magic


   Skills:
 + Level 2.7 Staves
 + Level 1.0 Armour
 + Level 1.4 Dodging
 + Level 2.6 Stealth
 + Level 1.6 Spellcasting
 + Level 1.2 Conjurations
 + Level 4.3 Air Magic
 + Level 0.0 Earth Magic
 + Level 2.2 Invocations


You had 2 spell levels left.
You knew the following spells:

 Your Spells              Type           Power      Damage    Failure   Level
a - Shock                 Conj/Air       36%        1d5       8%          1
b - Sandblast             Erth           2%         2d4       22%         1
c - Swiftness             Air            14%        N/A       12%         3

Your spell library contained the following spells:

 Spells                   Type           Power      Damage    Failure   Level
 Static Discharge         Conj/Air       9%         3-5/arc   11%         2
 Passwall                 Tmut/Erth      0%         N/A       34%         2
 Sublimation of Blood     Necr           1%         N/A       34%         2
 Wereblood                Tmut           1%         N/A       34%         2
 Stone Arrow              Conj/Erth      6%         3d7       47%         3
 Summon Hydra             Summ           0%         N/A       100%        7


Dungeon Overview and Level Annotations

Branches:
Dungeon (3/15)

Altars:
Xom

Shops:
D:1 :

Annotations:
D:3 Crazy Yiuf


Message History

Aim: Crazy Yiuf, wielding a +3 quarterstaff of chaos and wearing a +0 cloak (72% to hit)
The zap hits Crazy Yiuf.
Crazy Yiuf is lightly wounded.
Crazy Yiuf hits you with a +3 quarterstaff of chaos!
Casting: Shock (safe; 8% risk of failure)
Confirm with . or Enter, or press ? or * to list all spells.
Aiming: Sandblast (safe; 22% risk of failure)
Press: ? - help, Shift-Dir - straight line, f/p - Crazy Yiuf
Aim: Crazy Yiuf, wielding a +3 quarterstaff of chaos and wearing a +0 cloak (lightly wounded, 83% to hit)
The blast of sand hits Crazy Yiuf but does no damage.
Crazy Yiuf is lightly wounded.
Crazy Yiuf misses you.
Aiming: Shock (safe; 8% risk of failure)
Press: ? - help, Q - select action, (/) - cycle Shift-Dir - straight line, f/p - Crazy Yiuf
Aim: Crazy Yiuf, wielding a +3 quarterstaff of chaos and wearing a +0 cloak (lightly wounded, 72% to hit)
The zap hits Crazy Yiuf.
Crazy Yiuf is lightly wounded.
Crazy Yiuf hits you with a +3 quarterstaff of chaos!
Space warps around you.
Aiming: Shock (safe; 8% risk of failure)
Press: ? - help, Q - select action, (/) - cycle Shift-Dir - straight line, f/p - Crazy Yiuf
Aim: Crazy Yiuf, wielding a +3 quarterstaff of chaos and wearing a +0 cloak (lightly wounded, 72% to hit)
The zap hits Crazy Yiuf.
Crazy Yiuf is moderately wounded.
Crazy Yiuf hits you with a +3 quarterstaff of chaos.
* * * LOW HITPOINT WARNING * * *
You fade into invisibility!
Okay, then.
Aiming: Shock (safe; 8% risk of failure)
Press: ? - help, Q - select action, (/) - cycle Shift-Dir - straight line, f/p - Crazy Yiuf
Aim: Crazy Yiuf, wielding a +3 quarterstaff of chaos and wearing a +0 cloak (moderately wounded, unable to see you, 72% to hit)
The zap misses Crazy Yiuf.
Crazy Yiuf misses you.
Aiming: Shock (safe; 8% risk of failure)
Press: ? - help, Q - select action, (/) - cycle Shift-Dir - straight line, f/p - Crazy Yiuf
Aim: Crazy Yiuf, wielding a +3 quarterstaff of chaos and wearing a +0 cloak (moderately wounded, unable to see you, 72% to hit)
The zap hits Crazy Yiuf.
Crazy Yiuf is moderately wounded.
Crazy Yiuf hits you with a +3 quarterstaff of chaos!
You die...

##### #..)#
#...# *.).*
*#g#*
####### ♣♣@♣
#...... ♣)♣♣
#>##### ♣♣.♣
#.# ### ♣.♣♣
#####.###..
♣♣)♣♣
#..........
♣...♣♣
#.###.###..
♣....♣ #.#
#.# ##.
##..##
##.###.####.
#....#
#...........


You could see Crazy Yiuf (unable to see you).

Vanquished Creatures
  Jessica (D:3)
  Robin (D:3)
  An adder (D:3)
  2 worms (D:3)
  4 dart slugs
  An orc (D:3)
  9 bats
  5 endoplasms
  2 giant cockroaches
  7 hobgoblins
  2 jackals (D:1)
  2 quokkas
  5 ball pythons
  4 frilled lizards
  17 goblins
  5 kobolds
  6 rats
74 creatures vanquished.

Notes
Turn   | Place    | Note
-------+----------+-------------------------------------------
     0 | D:1      | Barneous the Human Wanderer began the quest for the Orb.
     0 | D:1      | Barneous set off with the following items: a +0
                  | quarterstaff, a +0 helmet, a scroll of teleportation, a +0
                  | robe; and the following spell memorised: Shock; and the
                  | following spells available to memorise: Swiftness, Static
                  | Discharge.
     0 | D:1      | Reached XP level 1. HP: 13/13 MP: 2/2
    50 | D:1      | Found a faded altar of an unknown god.
   149 | D:1      | Reached XP level 2. HP: 19/19 MP: 3/3
   978 | D:1      | Reached XP level 3. HP: 24/24 MP: 2/4
   982 | D:1      | Learned a level 1 spell: Sandblast
  1104 | D:1      | Found Qyeteiqiph's Book Shop.
  1946 | D:2      | Found a shimmering altar of Xom.
  2317 | D:2      | Reached XP level 4. HP: 30/30 MP: 1/5
  2435 | D:2      | Identified the ring "Oblosail" {Fly rPois rF+ Str+3 Slay+3}
  2587 | D:2      | Reached skill level 1 in Dodging
  2942 | D:2      | Learned a level 3 spell: Swiftness
  2991 | D:3      | Noticed Jessica
  2998 | D:3      | Killed Jessica
  2999 | D:3      | Reached skill level 1 in Conjurations
  3245 | D:3      | Reached XP level 5. HP: 34/35 MP: 7/7
  3403 | D:3      | Noticed Robin
  3418 | D:3      | Killed Robin
  3419 | D:3      | Reached skill level 1 in Armour
  3554 | D:3      | Identified the +4 scale mail of Fun {rPois Dex+2}
  4106 | D:3      | Found a runed translucent door.
  4107 | D:3      | Noticed Crazy Yiuf
  4116 | D:3      | Slain by Crazy Yiuf

Illustrated notes

Levels and vault maps discovered:
D:1:      spicycebolla_arrival_transporter_tutorial, layout_loops_ring,
          serial_shops, nicolae_shop_hallway_stairs,
          ebering_ecumenical_altar_ruins, minmay_misc_feat_iff,
          grunt_decor_mini_mirrors
D:2:      layout_basic, basic_altar, st_stairs_14
D:3:      layout_loops_ring, minmay_three_crescents, uniq_crazy_yiuf_cottage,
          uniq_robin, uniq_jessica

Skill      XL: |  1  2  3  4  5 |
---------------+----------------+-----
Dodging        | 1 |  1.4
Conjurations   | 1 |  1.2
Invocations    | 2 |  2.2
Armour         | 1 |  1.0
Staves         | |  2.7
Stealth        | |  2.6
Spellcasting   | |  1.6
Air Magic      | |  4.3

Action                   |  1- 3 |  4- 6 || total
-------------------------+-------+-------++-------
Melee: Quarterstaff      |    31 |    16 ||    47
 Cast: Shock             |    55 |    70 ||   125
       Sandblast         |     7 |    13 ||    20
       Swiftness         |       |     2 ||     2
  Use: Scroll            |     1 |     5 ||     6
       Potion            |     2 |     3 ||     5
Armor: Robe              |    12 |    15 ||    27
Dodge: Dodged            |    20 |    13 ||    33
